TOP OF THE 1ST |
Philadelphia (APP) Phillies batting - Pitching for Billings Mustangs : LHP Eddie Grape
|
Pitching: LHP Eddie Grape
|
|
Batting: RHB Gary Sampson
|
0-0: Called Strike 0-1: Ground out 4-3 (Groundball, 4, EV 84.4 MPH)
|
Batting: RHB Danny Habermehl
|
0-0: Ball 1-0: Ball 2-0: Ball 3-0: Called Strike 3-1: Foul Ball, location: 2F 3-2: Fly out, F4 (Line Drive, 4, EV 62.5 MPH)
|
Batting: SHB Marco de Leon
|
0-0: Ball 1-0: Foul Ball, location: 2F 1-1: Called Strike 1-2: Foul Ball, location: 2F 1-2: Strikes out swinging
|
Top of the 1st over - 0 runs, 0 hits, 0 errors, 0 left on base; Philadelphia (APP) 0 - Billings 0 |
BOTTOM OF THE 1ST |
Billings Mustangs batting - Pitching for Philadelphia (APP) Phillies : RHP Lance Brisson
|
Pitching: RHP Lance Brisson
|
|
Batting: RHB Cyd Carver
|
0-0: Ball 1-0: Foul Ball, location: 2F 1-1: Ball 2-1: Foul Ball, location: 2F 2-2: Reached on error, E6 (Groundball, 6, EV 88.8 MPH)
|
Batting: LHB Chris Redhead
|
0-0: Called Strike 0-1: Ball 1-1: Ball 2-1: Foul Ball, location: 2F 2-2: Foul Ball, location: 2F 2-2: Ball 3-2: Base on Balls
|
Batting: RHB Jake Savell
|
0-0: Grounds out, U3 (Groundball, 3L, EV 88.1 MPH) Cyd Carver to third
|
Batting: LHB Brian Dickeson
|
0-0: Ball 1-0: Called Strike 1-1: Foul Ball, location: 2F 1-2: Ball 2-2: DOUBLE (Line Drive, 9LS, EV 99.4 MPH) Cyd Carver scores Chris Redhead scores
|
Batting: RHB R.J. Romberg
|
0-0: Ball 1-0: Foul Ball, location: 2F 1-1: Fly out, F9 (Line Drive, 9, EV 88.1 MPH)
|
Batting: RHB Tim Walter
|
0-0: Ground out 5-3 (Groundball, 56S, EV 86.2 MPH)
|
Bottom of the 1st over - 2 runs, 1 hit, 1 error, 1 left on base; Philadelphia (APP) 0 - Billings 2 |
TOP OF THE 2ND |
Philadelphia (APP) Phillies batting - Pitching for Billings Mustangs : LHP Eddie Grape
|
Batting: LHB Jonathan Roman
|
0-0: Foul Ball, location: 2F 0-1: Swinging Strike 0-2: Ball 1-2: Foul Ball, location: 2F 1-2: Ball 2-2: Strikes out swinging
|
Batting: RHB Mike Bell
|
0-0: Ball 1-0: Ground out 6-3 (Groundball, 6, EV 83.8 MPH)
|
Batting: LHB Emilio Ortez
|
0-0: Called Strike 0-1: Called Strike 0-2: Ball 1-2: Strikes out swinging
|
Top of the 2nd over - 0 runs, 0 hits, 0 errors, 0 left on base; Philadelphia (APP) 0 - Billings 2 |
BOTTOM OF THE 2ND |
Billings Mustangs batting - Pitching for Philadelphia (APP) Phillies : RHP Lance Brisson
|
Batting: RHB Jay Jacobson
|
0-0: Foul Ball, location: 2F 0-1: Ball 1-1: Called Strike 1-2: SINGLE (Groundball, 56D, EV 96.9 MPH) (infield hit)
|
Batting: RHB Yutaka Sato
|
0-0: Ball 1-0: Ball 2-0: Foul Ball, location: 2F 2-1: Foul Ball, location: 2F 2-2: Fielders Choice at 2nd, 4-6 (Groundball, 34, EV 102.5 MPH)
|
Batting: LHB William Matthews
|
0-0: Ball 1-0: Foul Ball, location: 2F 1-1: Foul Ball, location: 2F 1-2: Ball 2-2: Ball 3-2: Foul Ball, location: 2F 3-2: Base on Balls Yutaka Sato to second
|
Batting: RHB Cyd Carver
|
0-0: Called Strike 0-1: Called Strike 0-2: Foul Ball, location: 2F 0-2: Fielders Choice at 2nd, 5-4 (Groundball, 5, EV 85.0 MPH) Yutaka Sato to third
|
Batting: LHB Chris Redhead
|
0-0: Ball 1-0: Ball Cyd Carver steals 2nd base 2-0: Fly out, F6 (Popup, 6, EV 71.2 MPH)
|
Bottom of the 2nd over - 0 runs, 1 hit, 0 errors, 2 left on base; Philadelphia (APP) 0 - Billings 2 |
TOP OF THE 3RD |
Philadelphia (APP) Phillies batting - Pitching for Billings Mustangs : LHP Eddie Grape
|
Batting: RHB Juan Valadez
|
0-0: Called Strike 0-1: Swinging Strike 0-2: Foul Ball, location: 2F 0-2: Foul Ball, location: 2F 0-2: Ball 1-2: Strikes out swinging
|
Batting: RHB Allen Deschamps
|
0-0: Called Strike 0-1: Called Strike 0-2: Ball 1-2: Foul Ball, location: 2F 1-2: Strikes out looking
|
Batting: RHB Corey Harris
|
0-0: Ball 1-0: Foul Ball, location: 2F 1-1: Hit by Pitch
|
Batting: RHB Gary Sampson
|
0-0: Ball 1-0: Called Strike 1-1: Ball 2-1: Ball 3-1: Called Strike 3-2: Fly out, F9 (Line Drive, 9D, EV 89.4 MPH)
|
Top of the 3rd over - 0 runs, 0 hits, 0 errors, 1 left on base; Philadelphia (APP) 0 - Billings 2 |
BOTTOM OF THE 3RD |
Billings Mustangs batting - Pitching for Philadelphia (APP) Phillies : RHP Lance Brisson
|
Batting: RHB Jake Savell
|
0-0: Foul Ball, location: 2F 0-1: Ball 1-1: Called Strike 1-2: Foul Ball, location: 2F 1-2: Strikes out looking
|
Pitching: RHP Jonathan Beishline
|
|
Batting: LHB Brian Dickeson
|
0-0: Ball 1-0: Ball 2-0: Called Strike 2-1: Called Strike 2-2: Strikes out swinging
|
Batting: RHB R.J. Romberg
|
0-0: Fly out, F7 (Line Drive, 7D, EV 90.6 MPH)
|
Bottom of the 3rd over - 0 runs, 0 hits, 0 errors, 0 left on base; Philadelphia (APP) 0 - Billings 2 |
TOP OF THE 4TH |
Philadelphia (APP) Phillies batting - Pitching for Billings Mustangs : LHP Eddie Grape
|
Batting: RHB Danny Habermehl
|
0-0: Called Strike 0-1: Ball 1-1: Foul Ball, location: 2F 1-2: Ball 2-2: Foul Ball, location: 2F 2-2: DOUBLE (Line Drive, 7LS, EV 90.6 MPH)
|
Batting: SHB Marco de Leon
|
0-0: Called Strike 0-1: Ball 1-1: Foul Ball, location: 2F 1-2: Strikes out looking
|
Batting: LHB Jonathan Roman
|
0-0: Foul Ball, location: 2F 0-1: Ball 1-1: Ball 2-1: Fly out, F3 (Line Drive, 3, EV 60.0 MPH) Lined into DP, 3-6 (Line Drive, 3, EV 54.4 MPH)
|
Top of the 4th over - 0 runs, 1 hit, 0 errors, 0 left on base; Philadelphia (APP) 0 - Billings 2 |
BOTTOM OF THE 4TH |
Billings Mustangs batting - Pitching for Philadelphia (APP) Phillies : RHP Jonathan Beishline
|
Batting: RHB Tim Walter
|
0-0: Ball 1-0: Ball 2-0: Ball 3-0: Called Strike 3-1: Foul Ball, location: 2F 3-2: Base on Balls
|
Batting: RHB Jay Jacobson
|
0-0: Called Strike 0-1: Ball 1-1: Swinging Strike 1-2: Ball 2-2: Ball 3-2: Foul Ball, location: 2F 3-2: Foul Ball, location: 2F 3-2: SINGLE (Line Drive, 9LS, EV 104.4 MPH) Tim Walter to second
|
Batting: RHB Yutaka Sato
|
0-0: Called Strike 0-1: DOUBLE (Flyball, 89D, EV 92.5 MPH) Tim Walter scores Jay Jacobson to third
|
Batting: LHB William Matthews
|
0-0: Called Strike 0-1: Ball 1-1: Ball 2-1: Swinging Strike 2-2: Strikes out swinging
|
Pitching: RHP Joe Morse
|
|
Batting: RHB Cyd Carver
|
0-0: SINGLE (Groundball, 6D, EV 103.8 MPH) Jay Jacobson scores Yutaka Sato to third
|
Batting: LHB Chris Redhead
|
0-0: Ball 1-0: Foul Ball, location: 2F 1-1: Foul Ball, location: 2F 1-2: Hit by Pitch Cyd Carver to second
|
Batting: RHB Jake Savell
|
0-0: Ball 1-0: Called Strike 1-1: Ball 2-1: Foul Ball, location: 2F 2-2: SINGLE (Groundball, 34S, EV 65.0 MPH) (infield hit) Yutaka Sato scores Cyd Carver to third Chris Redhead to second
|
Batting: LHB Brian Dickeson
|
0-0: Ball 1-0: Ball 2-0: Called Strike 2-1: Ball 3-1: Base on Balls Cyd Carver scores Chris Redhead to third Jake Savell to second
|
Batting: RHB R.J. Romberg
|
0-0: Fly out, F8 (Flyball, 8RD, EV 90.0 MPH) Runner from 3rd tags up, OUT at HOME! 8-2
|
Bottom of the 4th over - 4 runs, 4 hits, 0 errors, 2 left on base; Philadelphia (APP) 0 - Billings 6 |
TOP OF THE 5TH |
Philadelphia (APP) Phillies batting - Pitching for Billings Mustangs : LHP Eddie Grape
|
Batting: RHB Mike Bell
|
0-0: Ball 1-0: Foul Ball, location: 2F 1-1: Foul Ball, location: 2F 1-2: Ball 2-2: Strikes out looking
|
Batting: LHB Emilio Ortez
|
0-0: Called Strike 0-1: Swinging Strike 0-2: Foul Ball, location: 2F 0-2: Hit by Pitch
|
Batting: RHB Juan Valadez
|
0-0: Ball 1-0: Ball 2-0: Ball 3-0: Called Strike 3-1: Swinging Strike 3-2: Foul Ball, location: 2F 3-2: Strikes out swinging
|
Batting: RHB Allen Deschamps
|
0-0: Foul Ball, location: 2F 0-1: Ball 1-1: Called Strike 1-2: Ball 2-2: Ball 3-2: Ground out 6-3 (Groundball, 6, EV 76.2 MPH)
|
Top of the 5th over - 0 runs, 0 hits, 0 errors, 1 left on base; Philadelphia (APP) 0 - Billings 6 |
BOTTOM OF THE 5TH |
Billings Mustangs batting - Pitching for Philadelphia (APP) Phillies : RHP Joe Morse
|
Batting: RHB Tim Walter
|
0-0: Ball 1-0: Ground out 5-3 (Groundball, 56S, EV 66.9 MPH)
|
Pitching: RHP Dusty DuPont
|
|
Batting: RHB Jay Jacobson
|
0-0: Ball 1-0: Ball 2-0: Ball 3-0: Called Strike 3-1: Foul Ball, location: 2F 3-2: DOUBLE (Line Drive, 9LM, EV 110.0 MPH)
|
Batting: RHB Yutaka Sato
|
0-0: Ball 1-0: Called Strike 1-1: Swinging Strike 1-2: Strikes out looking
|
Batting: LHB William Matthews
|
0-0: Ball 1-0: Foul Ball, location: 2F 1-1: DOUBLE (Groundball, 3L, EV 108.1 MPH) Jay Jacobson scores
|
Batting: RHB Cyd Carver
|
0-0: Fly out, F2 (Popup, 25F, EV 81.2 MPH)
|
Bottom of the 5th over - 1 run, 2 hits, 0 errors, 1 left on base; Philadelphia (APP) 0 - Billings 7 |
TOP OF THE 6TH |
Philadelphia (APP) Phillies batting - Pitching for Billings Mustangs : LHP Eddie Grape
|
Batting: RHB Corey Harris
|
0-0: SINGLE (Groundball, 6MD, EV 98.1 MPH)
|
Batting: RHB Gary Sampson
|
0-0: Ball 1-0: Ball 2-0: Called Strike 2-1: Ball 3-1: Called Strike 3-2: Fly out, F8 (Flyball, 89D, EV 93.8 MPH)
|
Pitching: LHP Tim Ketcham
|
|
Batting: RHB Danny Habermehl
|
0-0: Called Strike 0-1: Ball 1-1: Swinging Strike 1-2: Foul Ball, location: 2F 1-2: Strikes out swinging
|
Batting: SHB Marco de Leon
|
0-0: Fielders Choice at 2nd, 6-4 (Groundball, 6, EV 103.1 MPH)
|
Top of the 6th over - 0 runs, 1 hit, 0 errors, 1 left on base; Philadelphia (APP) 0 - Billings 7 |
BOTTOM OF THE 6TH |
Billings Mustangs batting - Pitching for Philadelphia (APP) Phillies : RHP Dusty DuPont
|
Batting: LHB Chris Redhead
|
0-0: Ball 1-0: Ball 2-0: Foul Ball, location: 2F 2-1: SOLO HOME RUN (Flyball, 89XD, EV 104.4 MPH), Distance : 406 ft
|
Pitching: RHP Josh Howell
|
|
Batting: RHB Jake Savell
|
0-0: Foul Ball, location: 2F 0-1: Ground out 4-3 (Groundball, 34, EV 80.0 MPH)
|
Batting: LHB Brian Dickeson
|
0-0: Ball 1-0: Foul Ball, location: 2F 1-1: Ball 2-1: Foul Ball, location: 2F 2-2: Foul Ball, location: 2F 2-2: Ball 3-2: Foul Ball, location: 2F 3-2: SOLO HOME RUN (Flyball, 89XD, EV 101.9 MPH), Distance : 396 ft
|
Batting: RHB R.J. Romberg
|
0-0: Ball 1-0: Foul Ball, location: 2F 1-1: Ball 2-1: Ball 3-1: DOUBLE (Groundball, 3L, EV 108.1 MPH)
|
Batting: RHB Tim Walter
|
0-0: Foul Ball, location: 2F 0-1: Ball 1-1: Foul Ball, location: 2F 1-2: Foul Ball, location: 2F 1-2: 2-RUN HOME RUN (Flyball, 7D, EV 99.4 MPH), Distance : 363 ft
|
Pitching: RHP Tony Ferreira
|
|
Batting: RHB Jay Jacobson
|
0-0: Ball 1-0: Foul Ball, location: 2F 1-1: Swinging Strike 1-2: Foul Ball, location: 2F 1-2: Ground out 5-3 (Groundball, 56S, EV 62.5 MPH)
|
Batting: RHB Yutaka Sato
|
0-0: Called Strike 0-1: Foul Ball, location: 2F 0-2: Ground out 6-3 (Groundball, 6, EV 82.5 MPH)
|
Bottom of the 6th over - 4 runs, 4 hits, 0 errors, 0 left on base; Philadelphia (APP) 0 - Billings 11 |
TOP OF THE 7TH |
Philadelphia (APP) Phillies batting - Pitching for Billings Mustangs : LHP Tim Ketcham
|
Batting: LHB Jonathan Roman
|
0-0: Called Strike 0-1: Ball 1-1: Called Strike 1-2: Ball 2-2: Strikes out looking
|
Batting: RHB Mike Bell
|
0-0: Called Strike 0-1: Foul Ball, location: 2F 0-2: Strikes out swinging
|
Batting: LHB Emilio Ortez
|
0-0: Called Strike 0-1: Called Strike 0-2: Strikes out looking
|
Top of the 7th over - 0 runs, 0 hits, 0 errors, 0 left on base; Philadelphia (APP) 0 - Billings 11 |
BOTTOM OF THE 7TH |
Billings Mustangs batting - Pitching for Philadelphia (APP) Phillies : RHP Tony Ferreira
|
Batting: LHB William Matthews
|
0-0: Hit by Pitch
|
Batting: RHB Cyd Carver
|
0-0: 2-RUN HOME RUN (Flyball, 89XD, EV 101.2 MPH), Distance : 394 ft
|
Batting: LHB Chris Redhead
|
0-0: Called Strike 0-1: Ball 1-1: Ball 2-1: Ball 3-1: Called Strike 3-2: SOLO HOME RUN (Flyball, 9D, EV 99.4 MPH), Distance : 385 ft
|
Batting: RHB Jake Savell
|
0-0: Called Strike 0-1: Ball 1-1: SINGLE (Groundball, 34D, EV 108.1 MPH)
|
Pitching: LHP Tim Lawson
|
|
Batting: LHB Brian Dickeson
|
0-0: Ball 1-0: Foul Ball, location: 2F 1-1: Foul Ball, location: 2F 1-2: Foul Ball, location: 2F 1-2: Ball 2-2: Ball 3-2: Foul Ball, location: 2F 3-2: 2-RUN HOME RUN (Flyball, 89XD, EV 100.6 MPH), Distance : 391 ft
|
Batting: RHB R.J. Romberg
|
0-0: Ball 1-0: Ball 2-0: Ball 3-0: Base on Balls
|
Pinch Hitting: RHB Mario Gomez
|
0-0: DOUBLE (Line Drive, 3D, EV 93.8 MPH) R.J. Romberg to third
|
Batting: RHB Jay Jacobson
|
0-0: Called Strike 0-1: Foul Ball, location: 2F 0-2: Ball 1-2: Ball 2-2: Ball 3-2: Foul Ball, location: 2F 3-2: Base on Balls
|
Pitching: LHP Chad Mroczkowski
|
|
Batting: RHB Yutaka Sato
|
0-0: Called Strike 0-1: Ball 1-1: Swinging Strike 1-2: Foul Ball, location: 2F 1-2: Strikes out swinging
|
Batting: LHB William Matthews
|
0-0: Fly out, F6 (Line Drive, 6, EV 66.2 MPH) Lined into DP, 6-4 (Line Drive, 6, EV 71.9 MPH)
|
Bottom of the 7th over - 5 runs, 5 hits, 0 errors, 2 left on base; Philadelphia (APP) 0 - Billings 16 |
TOP OF THE 8TH |
Philadelphia (APP) Phillies batting - Pitching for Billings Mustangs : LHP Tim Ketcham
|
Now at SS: Mario Gomez
|
|
Batting: RHB Juan Valadez
|
0-0: Called Strike 0-1: Swinging Strike 0-2: Ball 1-2: Foul Ball, location: 2F 1-2: Strikes out looking
|
Batting: RHB Allen Deschamps
|
0-0: Called Strike 0-1: Ball 1-1: Foul Ball, location: 2F 1-2: Foul Ball, location: 2F 1-2: Foul Ball, location: 2F 1-2: Foul Ball, location: 2F 1-2: Foul Ball, location: 2F 1-2: Strikes out looking
|
Batting: RHB Corey Harris
|
0-0: Foul Ball, location: 2F 0-1: Ball 1-1: Swinging Strike 1-2: Ground out 4-3 (Groundball, 4, EV 108.8 MPH)
|
Top of the 8th over - 0 runs, 0 hits, 0 errors, 0 left on base; Philadelphia (APP) 0 - Billings 16 |
BOTTOM OF THE 8TH |
Billings Mustangs batting - Pitching for Philadelphia (APP) Phillies : LHP Chad Mroczkowski
|
Batting: RHB Cyd Carver
|
0-0: Swinging Strike 0-1: Swinging Strike 0-2: Ball 1-2: SINGLE (Line Drive, 9S, EV 105.0 MPH)
|
Batting: LHB Chris Redhead
|
0-0: Ball 1-0: Called Strike 1-1: Ball 2-1: Swinging Strike 2-2: Ball 3-2: Base on Balls Cyd Carver to second
|
Batting: RHB Jake Savell
|
0-0: Swinging Strike 0-1: 3-RUN HOME RUN (Flyball, 7D, EV 95.6 MPH), Distance : 373 ft
|
Batting: LHB Brian Dickeson
|
0-0: Ball 1-0: Ball 2-0: Ball 3-0: Called Strike 3-1: Foul Ball, location: 2F 3-2: Base on Balls
|
Batting: RHB R.J. Romberg
|
0-0: Ball 1-0: Swinging Strike 1-1: Ball 2-1: SINGLE (Flyball, 89S, EV 87.5 MPH) Brian Dickeson to second
|
Batting: RHB Mario Gomez
|
0-0: Called Strike 0-1: Ball 1-1: Ball 2-1: Ball 3-1: Called Strike 3-2: Foul Ball, location: 2F 3-2: Base on Balls Brian Dickeson to third R.J. Romberg to second
|
Pitching: RHP Eduardo Calderon
|
|
Batting: RHB Jay Jacobson
|
0-0: Ball 1-0: Ball 2-0: Foul Ball, location: 2F 2-1: Fly out, F9 (Line Drive, 9, EV 96.9 MPH)
|
Batting: RHB Yutaka Sato
|
0-0: Ball 1-0: Ball 2-0: Ball 3-0: Base on Balls Brian Dickeson scores R.J. Romberg to third Mario Gomez to second
|
Batting: LHB William Matthews
|
0-0: Ball 1-0: Called Strike 1-1: Hit by Pitch R.J. Romberg scores Mario Gomez to third Yutaka Sato to second
|
Batting: RHB Cyd Carver
|
0-0: Ball 1-0: Called Strike 1-1: Foul Ball, location: 2F 1-2: Fly out, F3 (Popup, 3F, EV 73.1 MPH)
|
Batting: LHB Chris Redhead
|
0-0: Called Strike 0-1: Ball Wild Pitch! Mario Gomez scores Yutaka Sato to third William Matthews to second 1-1: Ball Balk! Yutaka Sato scores William Matthews to third 2-1: Swinging Strike 2-2: Foul Ball, location: 2F 2-2: Ball 3-2: Base on Balls
|
Pitching: RHP Gregorio Padilla
|
|
Batting: RHB Jake Savell
|
0-0: Ball 1-0: Called Strike 1-1: Ball 2-1: Ball 3-1: 3-RUN HOME RUN (Flyball, 7LD, EV 96.2 MPH), Distance : 356 ft
|
Batting: LHB Brian Dickeson
|
0-0: Ball 1-0: Ball 2-0: Foul Ball, location: 2F 2-1: Ball 3-1: Foul Ball, location: 2F 3-2: Foul Ball, location: 2F 3-2: Foul Ball, location: 2F 3-2: Base on Balls
|
Batting: RHB R.J. Romberg
|
0-0: Ground out 6-3 (Groundball, 6M, EV 105.0 MPH)
|
Bottom of the 8th over - 10 runs, 4 hits, 0 errors, 1 left on base; Philadelphia (APP) 0 - Billings 26 |
TOP OF THE 9TH |
Philadelphia (APP) Phillies batting - Pitching for Billings Mustangs : LHP Tim Ketcham
|
Pitching: RHP Kevin Larner
|
|
Batting: RHB Gary Sampson
|
0-0: Ball 1-0: Fly out, F4 (Flyball, 4D, EV 75.6 MPH)
|
Batting: RHB Danny Habermehl
|
0-0: Ball 1-0: Ball 2-0: Foul Ball, location: 2F 2-1: Called Strike 2-2: Strikes out swinging
|
Batting: SHB Marco de Leon
|
0-0: Called Strike 0-1: Ball 1-1: Ball 2-1: Ball 3-1: Base on Balls
|
Batting: LHB Jonathan Roman
|
0-0: Foul Ball, location: 2F 0-1: Ball Passed Ball! Marco de Leon to second 1-1: Foul Ball, location: 2F 1-2: Ball 2-2: Strikes out swinging
|
Top of the 9th over - 0 runs, 0 hits, 0 errors, 1 left on base; Philadelphia (APP) 0 - Billings 26 |
|